 BcadrenCrawl: Boulder Brew version 0.03.3.1-25-g7b9318e587 (webtiles) character file.

Game seed: 9151442660890872688, levelgen mode: deterministic

263 Chiseanne the Ducker (level 6, -4/45 HPs) Goblin Demonspawn. Began on Mar 18, 2021. Slain by Pikel ... wielding a +0 whip of electrocution (6 damage) ... on level 2 of the Dungeon. The game lasted 00:03:37 (1024 turns).

Chiseanne the Ducker (Goblin Demonspawn)            Turns: 1024, Time: 00:03:37

Health: -4/45      AC:  9    Str:  8    XL:     6 ^: 142
Magic:  7/7        EV: 15    Int:  6    God:
Gold:   127        SH:  0    Dex:  6    Spells: 6/7 levels left

rFire    . . .     Vision   .   a - +2 short sword (acid)
rCold    . . .     Gourm    .   s - +1 dagger (speed)
rNeg     . . .     Faith    .   b - +0 leather armour
rPois    .         Spirit   .   (no helmet)
rElec    .         Reflect  .   (no cloak)
rCorr    .         Harm     .   (no gloves)
MR       .....                  (no boots)
Stlth    +.........             (no amulet)
HPRegen  0.25/turn              (no ring)
MPRegen  0.17/turn              (no ring)

@: sanguine armour
A: small, stagnant stats, goblin's greed, hooves 1, low mp 1, mutation
resistance 1, sanguine armour 1, god's pity 2
a: no special abilities


You were on level 2 of the Dungeon.
You were not hungry.

You visited 1 branch of the dungeon, and saw 2 of its levels.

You collected 105 gold pieces.

Inventory:

Weapons
 a - a +2 short sword of caustic ooze (weapon)
 h - a +4 dagger
 s - a +1 dagger of speed (weapon)
Armour
 b - a +0 leather armour (worn)
Scrolls
 e - a scroll of teleportation
Potions
 f - 2 potions of curing
 g - a potion of ambrosia
 i - a potion of brilliance
Comestibles
 c - 6 chunks of flesh
 d - a ration


   Skills:
 * Level 5.1 Fighting
 - Level 2.6 Short Blades
 * Level 6.5 Dodging
 - Level 2.6 Stealth
 - Level 1.3 Spellcasting
 - Level 2.6 Fire Magic
   Level 4.0 Invocations


You had 6 spell levels left.
You knew the following spells:

 Your Spells              Type           Power        Failure   Level  Hunger
a - Flame Tongue          Fire           3 (30)       17%         1    ##.....

Your spell library contained the following spells:

 Spells                   Type           Power        Failure   Level  Hunger
 Conjure Flame            Fire           3 (100)      45%         3    ####...
 Blink                    Tloc           N/A          61%         2    ###....
 Call Imp                 Summ           0 (100)      61%         2    ###....
 Slow                     Hex            0 (100)      61%         2    ###....
 Mephitic Cloud           Pois/Air       0 (100)      83%         3    ####...


Dungeon Overview and Level Annotations

Branches:
Dungeon (2/8)

Altars:
Ashenzari
Ru

Annotations:
D:2 Pikel


Innate Abilities, Weirdness & Mutations

Your stats never grow through leveling.
Your goblin ancestry allows you to find more gold. (+20%)
You are small and have problems with some larger weapons.
You have large cloven feet.
Your magical capacity is low. (-10% MP)
You are somewhat resistant to further mutation.
When seriously injured, your bleeding wounds create armour. (AC +6)
The pity of the gods increases the power of your passive and invoked divine abilities.


Message History

Pikel smiles. "I know this place well.
And it is filled with the corpses of daring fools like you!
Won't you join me?" Pikel barely misses you (0).
You closely miss Pikel. You hit Pikel (2). Pikel barely misses you (0).
You hit Pikel (4).
Pikel is splashed with acid (1).
You closely miss Pikel. You kick Pikel (1). Pikel closely misses you (0).
You closely miss Pikel. You barely miss Pikel.
Pikel hits you with a +0 whip of electrocution (4).
You are shocked (6).
Pikel closely misses you (0).
You hit Pikel (1).
Pikel is splashed with acid (0).
The acid corrodes Pikel!
You hit Pikel (3). Pikel barely misses you (0).
You hit Pikel (5).
Pikel is splashed with acid (1).
You barely miss Pikel.
Pikel hits you with a +0 whip of electrocution (4).
* * * LOW HITPOINT WARNING * * *
You are shocked (6).
* * * LOW HITPOINT WARNING * * *
You barely miss Pikel. You hit Pikel (4).
Pikel hits you with a +0 whip of electrocution (6).
* * * LOW HITPOINT WARNING * * *
You are shocked (6).
You die...

≈≈≈r.≈.#P..≈######
≈≈≈..≈≈K≈...##..≈##
.≈..PP.#r...#....≈#
≈≈≈...≈#≈...≈..)≈≈#
p≈≈≈≈≈........†..# r≈#
p≈≈≈≈≈≈######.###### r..
K§≈≈≈≈≈#..≈≈pp.≈≈≈≈# P ≈≈.#
≈§≈≈≈≈≈#.####K####≈#P≈≈≈≈.#
§§≈≈≈≈≈ #≈≈.≈@≈≈#≈#≈P≈≈≈.#
≈≈≈ #.##.##≈#.#PP≈≈Z.##≈
≈#≈#≈#≈..#≈#≈#≈P≈≈≈.#..
≈.≈.≈.≈_...†≈.≈P≈≈≈...
≈#≈#.#≈.≈#≈#≈#≈≈≈≈≈.#
#≈##.##≈#≈#≈≈≈≈≈.# #
≈≈.≈≈.#≈#.≈≈≈≈≈#
###.####≈#)..P≈.# ≈≈≈
.≈#.≈...P#


You could see Pikel and 2 slaves.

Vanquished Creatures
  A crocodile (D:2)
  A giant cockroach (D:1)
  4 sewer rats (D:2)
  8 cinder newts
  3 oozes
  4 dart slugs (D:1)
  3 leopard geckos (D:1)
  3 orcs (D:1)
  2 ball pythons (D:2)
  6 bats
  6 goblins (D:1)
  10 hobgoblins (D:1)
  7 kobolds (D:1)
  An orc skeleton (D:2)
  4 rats (D:1)
  A slave (D:2)
  3 withered plants (D:2)
67 creatures vanquished.

Vanquished Creatures (others)
  30 withered plants (D:2)
30 creatures vanquished.

Grand Total: 97 creatures vanquished

Notes
Turn   | Place    | Note
-------+----------+-------------------------------------------
     0 | D:1      | Chiseanne the Goblin Demonspawn began the quest for the
                  | Orb.
     0 | D:1      | Reached XP level 1. HP: 13/13 MP: 2/2
    33 | D:1      | Gained mutation: When seriously injured, your bleeding
                  | wounds create armour. (AC +6) [demonic ancestry]
    33 | D:1      | Reached XP level 2. HP: 19/19 MP: 3/3
   100 | D:1      | Reached XP level 3. HP: 10/25 MP: 4/4
   307 | D:1      | Reached skill level 5 in Dodging
   307 | D:1      | Gained mutation: You have large cloven feet. [demonic
                  | ancestry]
   307 | D:1      | Reached XP level 4. HP: 30/31 MP: 5/5
   595 | D:1      | Reached XP level 5. HP: 31/37 MP: 6/6
   898 | D:2      | Noticed a crocodile
   900 | D:2      | Killed a crocodile
   900 | D:2      | Reached skill level 6 in Dodging
   900 | D:2      | Reached XP level 6. HP: 44/44 MP: 7/7
   919 | D:2      | Found a shattered altar of Ashenzari.
   927 | D:2      | Found a sacrificial altar of Ru.
   981 | D:2      | Noticed Pikel
   989 | D:2      | Reached skill level 5 in Fighting
  1024 | D:2      | HP: 2/45 [Pikel/+0 whip of electrocution (6)]
  1024 | D:2      | Slain by Pikel

Levels and vault maps discovered:
D:1:      psy_arrival_statuary, layout_loops_cross, guppyfry_early_orc_mine
D:2:      layout_sewer, nicolae_ru_sacrificial_ziggurat,
          ashenzari_conservatory_becter, uniq_robin, uniq_pikel

Skill      XL: |  1  2  3  4  5  6 |
---------------+-------------------+-----
Fighting       | 2 3 4 5 |  5.1
Dodging        | 5 6 |  6.5
Short Blades   | |  2.6
Stealth        | |  2.6
Spellcasting   | |  1.3
Fire Magic     | |  2.6
Invocations    | |  4.0

Action                   |  1- 3 |  4- 6 || total
-------------------------+-------+-------++-------
Melee: Rapier            |    75 |    37 ||   112
       Unarmed           |    49 |       ||    49
       Club              |    11 |    18 ||    29
       Dagger            |       |    70 ||    70
       Short sword       |       |    85 ||    85
       Kick              |       |     9 ||     9
  Use: Scroll            |       |     2 ||     2
 Stab: Sleeping          |       |     2 ||     2
  Eat: Chunk             |       |     1 ||     1
Armor: Leather armour    |    33 |    17 ||    50
Dodge: Dodged            |   111 |   130 ||   241
